 Dungeon Crawl Stone Soup version 0.19-a0-1886-gd64a0f0 (webtiles) character file.

623 Amnesiac the Chucker (level 7, 0/74 HPs)
             Began as an Ogre Hunter on Oct 16, 2016.
             Was a Follower of Trog.
             Slain by an ogre
             ... wielding a +0 giant spiked club
              (21 damage)
             ... on level 5 of the Dungeon.
             The game lasted 00:05:01 (4886 turns).

Amnesiac the Chucker (Ogre Hunter)                  Turns: 4886, Time: 00:05:01

Health: 0/74       AC:  3    Str: 18    XL:     7   Next: 46%
Magic:  7/7        EV: 13    Int: 10    God:    Trog [*.....]
Gold:   186        SH:  0    Dex: 12    Spells: 0 memorised, 6 levels left

rFire  . . .     SeeInvis .     n - +0 giant club
rCold  . . .     Gourm    .     b - +0 robe
rNeg   + . .     Faith    .     (shield currently unavailable)
rPois  .         Spirit   .     (helmet restricted)
rElec  .         Dismiss  .     (no cloak)
rCorr  .         Reflect  .     (gloves unavailable)
MR     .....     Harm     .     (boots unavailable)
Stlth  +.........               (no amulet)
                                s - ring of positive energy
                                g - +3 ring of evasion

@: lethally poisoned (0 -> -4), marked
A: unfitting armour, tough skin 1
a: Berserk, Burn Spellbooks, Renounce Religion


You were on level 5 of the Dungeon.
You worshipped Trog.
Trog was aware of your devotion.
You were hungry.

You visited 2 branches of the dungeon, and saw 6 of its levels.

You collected 186 gold pieces.

Inventory:

Hand Weapons
 n - a +0 giant club (weapon)
Missiles
 a - 2 silver javelins
 d - 3 large rocks (quivered)
 l - 2 tomahawks
 p - 2 throwing nets
Armour
 b - a +0 robe (worn)
Jewellery
 g - a +3 ring of evasion (left hand)
 s - a ring of positive energy (right hand)
Wands
 i - a wand of teleportation (4/9)
 u - a wand of teleportation (4/9)
Scrolls
 c - a scroll of noise {unknown}
 e - 4 scrolls of identify {unknown}
 h - 3 scrolls of magic mapping {unknown}
 q - a scroll of enchant armour {unknown}
 r - a scroll of recharging {unknown}
 t - 3 scrolls of teleportation {unknown}
 v - a scroll of immolation {unknown}
Potions
 j - a potion of ambrosia {unknown}
 o - a potion of mutation {unknown}
 w - a potion of curing {unknown}
 x - a potion of lignification {unknown}
Books
 k - a book of Misfortune

   Spells                             Type                      Level
   a - Confusing Touch                Hexes                        1
   b - Confuse                        Hexes                        3
   c - Gell's Gravitas                Hexes/Translocation          3
   d - Petrify                        Transmutation/Earth          4
   e - Metabolic Englaciation         Hexes/Ice                    5
   f - Yara's Violent Unravelling     Hexes/Transmutation          5
   Trog disapproves of the use of such an item.
Comestibles
 f - 3 bread rations
 m - a beef jerky
 z - a meat ration


   Skills:
 + Level 5.7 Fighting
 - Level 6.0 Maces & Flails
 - Level 6.2 Throwing
 - Level 1.7 Dodging
 - Level 0.6 Stealth


You had 6 spell levels left.
You didn't know any spells.

Dungeon Overview and Level Annotations

Branches:
Dungeon (5/15)             Temple (1/1) D:4

Altars:
Ashenzari
Elyvilon
Kikubaaqudgha
Nemelex Xobeh
Qazlal
Ru
Sif Muna
Trog
Vehumet
Yredelemnul
Zin
The Shining One


Innate Abilities, Weirdness & Mutations

You are too large for most types of armour.
You have tough skin. (AC +1)


Message History

The worker ant is almost dead.
You feel sick. The worker ant bites you!
You are more poisoned.
The worker ant poisons you! The worker ant barely misses you.
An iguana comes into view.
You bludgeon the worker ant!!
You kill the worker ant!
Trog accepts your kill.
You feel sick. The iguana misses you.
You feel sick. The orc misses you.
An ogre comes into view. It is wielding a giant spiked club.
You feel sick.
A giant cockroach comes into view.
You feel sick.
You feel sick.
You closely miss the ogre.
You are feeling hungry.
You feel sick.
The ogre hits you with a giant spiked club!!
You die...

#. #. ##### #.#
#.(s
#.#########s######
#.#...O@oll......#
#.....#####(....##
#.....##.##......#
#.....##.##......#
#........##......#
#.....##......####.
#.######...(.......
#.# #......#### #.#
##.....#


You could see an ogre, 2 iguanas, an orc and a giant cockroach.

Vanquished Creatures
  2 centaurs (D:5)
  An ogre (D:4)
  A scorpion (D:4)
  A howler monkey (D:4)
  An orc priest (D:3)
  2 hounds (D:4)
  3 orc wizards
  A worker ant (D:5)
  2 adders
  2 oozes
  2 adder skeletons (D:4)
  4 dart slugs (D:1)
  4 leopard geckos
  7 orcs
  4 bats
  3 giant cockroaches
  6 goblins
  4 hobgoblins
  2 quokkas
  6 frilled lizards
  7 kobolds
  7 rats
72 creatures vanquished.

Notes
Turn   | Place    | Note
-------+----------+-------------------------------------------
     0 | D:1      | Amnesiac the Ogre Hunter began the quest for the Orb.
     0 | D:1      | Reached XP level 1. HP: 22/22 MP: 1/1
   171 | D:1      | Reached XP level 2. HP: 17/31 MP: 2/2
   717 | D:4      | Found a staircase to the Ecumenical Temple.
   785 | Temple   | Entered the Ecumenical Temple
   982 | Temple   | Became a worshipper of Trog the Wrathful
  1033 | D:4      | Noticed a howler monkey
  1044 | D:4      | Killed a howler monkey
  1044 | D:4      | Reached skill level 5 in Throwing
  1044 | D:4      | Reached XP level 3. HP: 9/39 MP: 3/3
  1044 | D:4      | Reached XP level 4. HP: 11/48 MP: 4/4
  1165 | D:4      | Reached XP level 5. HP: 31/55 MP: 5/5
  1320 | D:4      | Noticed an ogre
  1323 | D:4      | Killed an ogre
  1323 | D:4      | Reached skill level 5 in Fighting
  1407 | D:4      | Reached XP level 6. HP: 33/66 MP: 6/6
  2703 | D:2      | Reached skill level 1 in Maces & Flails
  2766 | D:2      | Reached * piety under Trog
  3517 | D:3      | Found a sacrificial altar of Ru.
  3890 | D:3      | HP: 3/66 [orc wizard/dagger (1)]
  4501 | D:4      | Reached XP level 7. HP: 72/72 MP: 7/7
  4563 | D:5      | Entered Level 5 of the Dungeon
  4619 | D:5      | Reached skill level 5 in Maces & Flails
  4886 | D:5      | Slain by an ogre

Vault maps used:
D:1:      saegor_arrival_under_anarchy, minmay_misc_feat_nine_boxes,
          minmay_misc_feat_x, eino_curves_03
D:3:      marbit_many_paths, first_bread, st_stairs_1
D:4:      gup_sewer_entry_bowl
D:5:      nicolae_overflow_hidden_temple, fedhas_altar_2
Temple:   minmay_temple_curvy_loop

Skill      XL: |  1  2  3  4  5  6  7 |
---------------+----------------------+-----
Fighting       | 3 4 5 |  5.7
Throwing       | 5 6 |  6.2
Maces & Flails | 4 6 |  6.0
Dodging        | |  1.7
Stealth        | |  0.6

Action                   |  1- 3 |  4- 6 |  7- 9 || total
-------------------------+-------+-------+-------++-------
Melee: Short sword       |    65 |    98 |       ||   163
       Giant club        |       |   129 |    19 ||   148
Throw: Large rock        |     3 |    10 |     2 ||    15
       Throwing net      |       |     2 |       ||     2
Invok: Berserk           |       |     1 |       ||     1
 Stab: Sleeping          |     2 |     3 |       ||     5
       Held in net/web   |       |     3 |       ||     3
  Eat: Chunk             |       |    11 |     1 ||    12
       Beef jerky        |       |     1 |       ||     1
Armor: Robe              |    13 |    56 |     2 ||    71
Dodge: Dodged            |    31 |   165 |    22 ||   218
